 Dungeon Crawl Stone Soup version 0.19.0-2-gae57169 (webtiles) character file.

268 MTVSty1e the Skirmisher (level 6, -1/56 HPs)
             Began as a Minotaur Fighter on Nov 6, 2016.
             Slain by a slave (6 damage)
             ... led by Pikel
             ... on level 4 of the Dungeon.
             The game lasted 00:07:51 (2712 turns).

MTVSty1e the Skirmisher (Minotaur Fighter)          Turns: 2712, Time: 00:07:53

Health: -1/56      AC:  7    Str: 24    XL:     6   Next: 0%
Magic:  5/5        EV:  9    Int:  5    God:
Gold:   216        SH: 10    Dex: 10    Spells: 0 memorised, 5 levels left

rFire  . . .     SeeInvis .     a - +0 war axe
rCold  . . .     Gourm    .     b - +0 scale mail
rNeg   . . .     Faith    .     c - +0 shield
rPois  .         Spirit   .     (helmet restricted)
rElec  .         Reflect  .     (no cloak)
rCorr  +         Harm     .     (no gloves)
MR     .....                    (no boots)
Stlth  ..........               j - amulet of regeneration
                                r - +2 ring of strength
                                o - ring of resist corrosion

@: no status effects
A: retaliatory headbutt, horns 2
a: no special abilities


You were on level 4 of the Dungeon.
You were not hungry.

You visited 1 branch of the dungeon, and saw 4 of its levels.

You collected 216 gold pieces.

Inventory:

Hand Weapons
 a - a +0 war axe (weapon)
Armour
 b - a +0 scale mail (worn)
 c - a +0 shield (worn)
Jewellery
 j - an amulet of regeneration (around neck)
 o - a ring of resist corrosion (left hand)
 r - a +2 ring of strength (right hand)
Scrolls
 d - a scroll of remove curse {unknown}
 h - 6 scrolls of identify
 i - a scroll of fog {unknown}
 l - 3 scrolls of teleportation {unknown}
 n - a scroll of enchant weapon {unknown}
 v - a scroll of random uselessness {unknown}
Potions
 e - a potion of curing
 k - 2 potions of heal wounds {unknown}
 p - a potion of flight {unknown}
 s - a potion of magic {unknown}
 t - a potion of mutation {unknown}
 u - 2 potions of lignification {unknown}
Comestibles
 f - 4 bread rations
 g - 2 meat rations
 m - a slice of pizza
 q - a royal jelly


   Skills:
 * Level 5.4 Fighting
 + Level 3.5 Axes
 + Level 4.6 Armour
 + Level 2.5 Dodging
 + Level 4.9 Shields


You had 5 spell levels left.
You didn't know any spells.

Dungeon Overview and Level Annotations

Branches:
Dungeon (4/15)
 Temple: D:4-7

Altars:
Ru


Innate Abilities, Weirdness & Mutations

You reflexively headbutt those who attack you in melee.
You have a pair of horns on your head.


Message History

That felt strangely unrewarding.
You hit the slave. x2; The slave hits you.
* * * LOW HITPOINT WARNING * * *
The slave barely misses you.
You are too injured to fight recklessly!
You are too injured to fight recklessly!
Unknown command.
You are too injured to fight recklessly!
You are too injured to fight recklessly!
You closely miss the slave.
The slave is severely wounded.
You barely miss the slave. You block the slave's attack. The slave hits you.
* * * LOW HITPOINT WARNING * * *
You closely miss the slave. Your headbutt misses the slave.
The slave is severely wounded.
You hit the slave. The slave hits you.
* * * LOW HITPOINT WARNING * * *
The slave hits you.
* * * LOW HITPOINT WARNING * * *
The slave hits you but does no damage. The slave hits you.
You die...

# .# # #. .#.#
#.####.#.#
####........ ##
#.....pp#.# ....#
#@[.# .#.# #.#.# ..#
#...# #.# #.#.#
#######.#####.#?..
#.....<.......#####
...##..............#
#.#####.#####...#
#.# #... #..


You could see 2 slaves.

Vanquished Creatures
  A slave (D:4)
  The ghost of Archivist the Chopper, an amateur HOGl (D:3)
  An orc wizard (D:3)
  An iguana (D:3)
  An adder (D:2)
  4 gnolls (D:2)
  2 worms (D:2)
  3 dart slugs
  2 leopard geckos
  An orc (D:3)
  4 goblins
  4 hobgoblins
  8 jackals
  10 kobolds
  2 quokkas
  4 ball pythons
  8 bats
  9 frilled lizards
  5 rats
71 creatures vanquished.

Notes
Turn   | Place    | Note
-------+----------+-------------------------------------------
     0 | D:1      | MTVSty1e the Minotaur Fighter began the quest for the Orb.
     0 | D:1      | Reached XP level 1. HP: 19/19 MP: 0/0
   237 | D:1      | Reached XP level 2. HP: 27/27 MP: 1/1
   903 | D:2      | Reached skill level 4 in Fighting
   903 | D:2      | Reached XP level 3. HP: 30/33 MP: 2/2
   911 | D:2      | Reached skill level 1 in Dodging
  1410 | D:2      | Reached XP level 4. HP: 36/41 MP: 3/3
  2076 | D:3      | Found a sacrificial altar of Ru.
  2083 | D:3      | Reached XP level 5. HP: 47/47 MP: 4/4
  2130 | D:3      | Noticed Archivist's ghost (amateur HOGl)
  2138 | D:3      | Killed Archivist's ghost
  2138 | D:3      | Reached skill level 5 in Fighting
  2647 | D:3      | Reached XP level 6. HP: 40/56 MP: 5/5
  2702 | D:4      | Noticed a slave
  2702 | D:4      | Noticed a slave
  2702 | D:4      | Noticed a slave
  2710 | D:4      | Killed a slave
  2712 | D:4      | Slain by a slave

Skill      XL: |  1  2  3  4  5 |
---------------+----------------+-----
Shields        | 4 |  4.9
Armour         | 4 |  4.6
Fighting       | 4 5 |  5.4
Dodging        | 1 2 |  2.5
Axes           | 3 |  3.5

Action                   |  1- 3 |  4- 6 || total
-------------------------+-------+-------++-------
Melee: War axe           |    71 |    92 ||   163
       Headbutt          |     7 |    22 ||    29
  Use: Potion            |     1 |     1 ||     2
       Scroll            |       |     1 ||     1
  Eat: Bread ration      |     1 |       ||     1
       Beef jerky        |       |     1 ||     1
Armor: Scale mail        |    32 |    41 ||    73
Dodge: Dodged            |    15 |    44 ||    59
Block: Shield            |    36 |    67 ||   103
